 Dungeon Crawl Stone Soup version 0.19.1 (console) character file.

1227 Morrissey the Cleaver (level 8, -4/109 HPs)
             Began as a Hill Orc Berserker on Dec 24, 2016.
             Was an Elder of Trog.
             Slain by an orc warrior
             ... wielding a +0 flail
              (11 damage)
             ... on level 4 of the Dungeon.
             The game lasted 00:09:10 (3450 turns).

Morrissey the Cleaver (Hill Orc Berserker)          Turns: 3450, Time: 00:09:10

Health: -4/109     AC:  9    Str: 27    XL:     8   Next: 48%
Magic:  8/8        EV: 11    Int:  7    God:    Trog [****..]
Gold:   280        SH:  0    Dex: 10    Spells: 0 memorised, 7 levels left

rFire  + . .     SeeInvis .     a - +1 hand axe
rCold  . . .     Gourm    .     j - +2 ring mail {rN+}
rNeg   + . .     Faith    .     (no shield)
rPois  .         Spirit   .     l - +0 helmet
rElec  .         Reflect  .     (no cloak)
rCorr  .         Harm     .     (no gloves)
MR     .....                    (no boots)
Stlth  ..........               (no amulet)
                                (no ring)
                                (no ring)

@: berserking, very quick
A: fire resistance 1
a: Berserk, Trog's Hand, Brothers in Arms, Burn Spellbooks, Renounce Religion


You were on level 4 of the Dungeon.
You worshipped Trog.
Trog was greatly pleased with you.
You were hungry.

You visited 1 branch of the dungeon, and saw 4 of its levels.

You collected 280 gold pieces.

Inventory:

Hand Weapons
 a - a +1 hand axe (weapon)
Armour
 j - a +2 ring mail of positive energy (worn)
 l - a +0 helmet (worn)
Wands
 h - a wand of flame (18/48)
 p - a wand of flame (21/48)
Scrolls
 k - a scroll of enchant weapon
Potions
 b - a potion of resistance
 d - 2 potions of cancellation
 e - 2 potions of curing
 n - a potion of invisibility {unknown}
 o - a potion of haste {unknown}
Comestibles
 c - 3 bread rations
 f - a slice of pizza
 g - a beef jerky
 i - 9 chunks of flesh
 m - 3 meat rations


   Skills:
 + Level 7.0 Fighting
 * Level 10.1 Axes
 + Level 5.4 Armour
 - Level 1.5 Dodging


You had 7 spell levels left.
You didn't know any spells.

Dungeon Overview and Level Annotations

Branches:
Dungeon (4/15)             Temple (0/1) D:4

Altars:
Ashenzari
Hepliaklqana
Nemelex Xobeh
Ru
Vehumet

Shops:
D:4 [


Innate Abilities, Weirdness & Mutations

Your flesh is heat resistant. (rF+)


Message History

The orc warrior barely misses you.
You slash the orc warrior!
The orc warrior is heavily wounded.
You barely miss the orc warrior.
The orc warrior is heavily wounded.
The orc warrior barely misses you.
You hit the orc warrior but do no damage.
The orc warrior is heavily wounded.
You barely miss the orc warrior.
The orc warrior is heavily wounded.
The orc warrior hits you with a flail.
* * * LOW HITPOINT WARNING * * *
You closely miss the orc warrior.
The orc warrior is heavily wounded.
You closely miss the orc warrior.
The orc warrior is heavily wounded.
You hit the orc warrior.
The orc warrior is severely wounded.
The orc warrior hits you with a flail!
You die...

.##..######### #.#
......=......# #.#
.##..#######.############.#
.##..# #..............#
..#..#######.##.#########.#
.##..............# #.#
.##..........##..# #.#
...........####.o# #.#
....>......'..#.@# #.#
........>..##.#..# #.#
.........#.##.#..# #.#
####..#..#.##.#..# #.#
............#.#..# #.#
##.##.##.#....##.# #.#
##.##.##....####.# #.#
##.##.##....# #.# #.#
#.....###...####.########.#


You could see an orc warrior.

Vanquished Creatures
  Grinder (D:3)
  A phantom (D:4)
  2 ogres (D:4)
  A centaur (D:4)
  2 scorpions (D:4)
  4 orc wizards
  Jessica (D:2)
  Ijyb (D:3)
  Terence (D:3)
  Natasha (thrice) (D:3)
  4 worker ants (D:4)
  Robin (D:4)
  7 gnolls (D:2)
  5 adders
  An ooze (D:4)
  4 worms
  2 dart slugs
  3 leopard geckos
  6 orcs
  A ball python (D:3)
  3 giant cockroaches
  18 goblins
  8 hobgoblins
  19 jackals
  11 bats
  6 frilled lizards
  10 kobolds
  7 rats
133 creatures vanquished.

Notes
Turn   | Place    | Note
-------+----------+-------------------------------------------
     0 | D:1      | Morrissey the Hill Orc Berserker began the quest for the Orb.
     0 | D:1      | Reached XP level 1. HP: 19/19 MP: 1/1
   421 | D:1      | Reached XP level 2. HP: 19/27 MP: 2/2
   833 | D:1      | Reached XP level 3. HP: 33/33 MP: 3/3
   917 | D:2      | Reached ** piety under Trog
   941 | D:2      | Noticed Jessica
   948 | D:2      | Reached skill level 5 in Axes
   954 | D:2      | Killed Jessica
   954 | D:2      | Reached XP level 4. HP: 23/41 MP: 4/4
  1060 | D:2      | Reached skill level 6 in Axes
  1220 | D:2      | Reached XP level 5. HP: 36/47 MP: 5/5
  1308 | D:2      | Found a hazy altar of Hepliaklqana.
  1311 | D:2      | Found a sparkling altar of Nemelex Xobeh.
  1340 | D:2      | Reached skill level 5 in Fighting
  1434 | D:2      | Found a sacrificial altar of Ru.
  1480 | D:3      | Noticed Grinder
  1496 | D:3      | Paralysed by Grinder for 3 turns
  1504 | D:3      | Paralysed by Grinder for 2 turns
  1507 | D:3      | Killed Grinder
  1507 | D:3      | Reached skill level 7 in Axes
  1507 | D:3      | Reached XP level 6. HP: 41/56 MP: 6/6
  1546 | D:3      | Found a shattered altar of Ashenzari.
  1568 | D:3      | Noticed Natasha
  1576 | D:3      | Killed Natasha
  1610 | D:3      | Noticed Natasha
  1624 | D:3      | Killed Natasha
  1624 | D:3      | Reached XP level 7. HP: 42/62 MP: 7/7
  1627 | D:3      | Reached *** piety under Trog
  1679 | D:3      | Noticed Terence
  1704 | D:3      | Killed Terence
  1704 | D:3      | Reached skill level 8 in Axes
  1778 | D:3      | Gained mutation: Your flesh is heat resistant. (rF+) [potion of beneficial mutation]
  1845 | D:3      | Noticed Natasha
  1863 | D:3      | Killed Natasha
  2019 | D:3      | Noticed Ijyb
  2038 | D:3      | Killed Ijyb
  2264 | D:4      | Reached skill level 9 in Axes
  2436 | D:4      | Reached XP level 8. HP: 31/71 MP: 8/8
  2438 | D:4      | Reached **** piety under Trog
  2505 | D:4      | Found a staircase to the Ecumenical Temple.
  2635 | D:4      | Noticed Robin
  2644 | D:4      | Reached skill level 5 in Armour
  2649 | D:4      | Killed Robin
  2883 | D:4      | Found Onybaet's Armour Shop.
  2911 | D:4      | Found a radiant altar of Vehumet.
  3384 | D:4      | Reached skill level 10 in Axes
  3450 | D:4      | Slain by an orc warrior

Skill      XL: |  1  2  3  4  5  6  7  8 |
---------------+-------------------------+-----
Fighting       | 4 5 6 7 |  7.0
Axes           | 5 6 7 9 10 | 10.1
Armour         | 3 4 5 |  5.4
Dodging        | |  1.5

Action                   |  1- 3 |  4- 6 |  7- 9 || total
-------------------------+-------+-------+-------++-------
Melee: Hand axe          |   103 |   115 |   296 ||   514
Invok: Berserk           |     1 |     4 |     1 ||     6
       Trog's Hand       |     1 |     3 |     1 ||     5
       Burn Spellbooks   |       |       |     1 ||     1
  Use: Scroll            |       |     2 |     8 ||    10
       Potion            |       |       |     1 ||     1
  Eat: Chunk             |       |     8 |     8 ||    16
Armor: Animal skin       |    11 |       |       ||    11
       Ring mail         |    16 |    47 |   113 ||   176
Dodge: Dodged            |    82 |    53 |   137 ||   272
